AoeStats
← ani_rud

Black Forest

509563877Analyzed
2v2 RM · 5d ago on Sep 27, 2026· 52m 46s· 4 players
Game mode
Random Map
Map size
Medium (4 player)
Population
200
Speed
Normal
Resources
Standard
Victory
Conquest
Starting age
Dark Age
Ending age
Imperial Age
RankedLock teamsTeams togetherTeam positionsShared explorationLock speedFull tech treeHidden civsTurbo modeCheats
Victory
Defeat
🇪🇸 Celts · Spain
987
+11
🇹🇼 Mongols · Taiwan
802
+18
🇮🇳 Khmer · India
885
-15
🇨🇳 Portuguese · China
839
-14
ani_rud
0:46 Loom
13:38 Feudal Age
18:04 Castle Age
17:00 Double-Bit Axe
17:18 Horse Collar
23:37 Bow Saw
23:30 Heavy Plow
28:38 Stone Mining
28:41 Gold Mining
31:21 Gold Shaft Mining
31:28 Wheelbarrow
34:04 Imperial Age
31:26 Town Watch
31:51 Fletching
32:06 Scale Barding Armor
32:44 Bloodlines
32:35 Husbandry
32:53 Forging
33:34 Masonry
33:46 Ballistics
34:20 Chain Barding Armor
34:39 Light Cavalry
36:03 Iron Casting
36:23 Architecture
35:50 Murder Holes
37:33 Hussar
39:03 Conscription
39:01 Bodkin Arrow
41:55 Plate Barding Armor
44:17 Crop Rotation
46:01 Blast Furnace
45:02 Bracer
45:21 Elite Ballista Elephant
46:38 Hoardings
49:32 Double Crossbow
49:55 Caravan
53:27 Hand Cart
53:13 Town Patrol
看天气
0:31 Loom
19:35 Feudal Age
21:33 Wheelbarrow
20:40 Horse Collar
20:46 Double-Bit Axe
21:03 Gold Mining
21:06 Stone Mining
23:44 Town Watch
27:09 Castle Age
25:44 Bloodlines
27:05 Forging
26:47 Fletching
28:38 Stone Shaft Mining
28:15 Bow Saw
28:06 Heavy Plow
30:09 Hand Cart
30:56 Circumnavigation
32:12 Treadmill Crane
33:32 Bodkin Arrow
34:04 Fortified Wall
34:15 Ballistics
34:56 Light Cavalry
35:37 Husbandry
36:51 Town Patrol
40:58 Imperial Age
39:55 Murder Holes
40:11 Masonry
42:07 Conscription
43:17 Arquebus
44:29 Chemistry
44:01 Architecture
44:55 Guilds
44:50 Caravan
46:47 Elite Organ Gun
52:49 Two-Man Saw
52:21 Crop Rotation
51:54 Bracer
52:03 Scale Barding Armor
Ray Sun
0:33 Loom
19:09 Feudal Age
21:19 Wheelbarrow
21:56 Double-Bit Axe
24:39 Castle Age
23:52 Horse Collar
26:36 Bow Saw
28:08 Fletching
28:49 Heavy Plow
30:12 Hand Cart
32:28 Masonry
36:09 Fortified Wall
37:24 Forging
40:26 Imperial Age
38:21 Ballistics
38:41 Nomads
38:53 Husbandry
39:04 Bloodlines
39:05 Caravan
39:15 Scale Barding Armor
39:22 Murder Holes
40:22 Chain Barding Armor
40:28 Elite Steppe Lancer
42:23 Chemistry
42:42 Conscription
42:57 Siege Engineers
43:29 Iron Casting
42:49 Bodkin Arrow
42:59 Bodkin Arrow
43:07 Gold Mining
46:07 Blast Furnace
46:04 Gold Shaft Mining
48:24 Hoardings
alejandro.cfs
0:52 Loom
16:06 Feudal Age
17:46 Wheelbarrow
22:25 Castle Age
22:08 Fletching
23:21 Bodkin Arrow
25:29 Double-Bit Axe
28:43 Imperial Age
26:43 Bow Saw
28:35 Caravan
28:55 Heavy Scorpion
32:58 Chemistry
31:56 Gold Mining
43:18 Onager
47:28 Forging
47:19 Scale Mail Armor
47:33 Pikeman
Connection lost

Rejoining the realm…

Still unreachable

The connection could not be restored.

Session expired

The server has moved on; the page needs a fresh start.